 Dungeon Crawl Stone Soup version 0.22-a0-897-g1b7a381375 (webtiles) character file.

334 Mirvelgyr the Cleaver (level 6, -4/76 HPs)
             Began as a Minotaur Berserker on July 31, 2018.
             Was a Believer of Trog.
             Slain by an ogre
             ... wielding a +0 giant club
              (11 damage)
             ... on level 4 of the Dungeon.
             The game lasted 00:03:23 (2616 turns).

Mirvelgyr the Cleaver (Minotaur Berserker)          Turns: 2616, Time: 00:03:23

Health: -4/76      AC: 12    Str: 26    XL:     6   Next: 27%
Magic:  5/5        EV:  7    Int:  4    God:    Trog [**....]
Gold:   144        SH:  0    Dex: 12    Spells: 5/5 levels left

rFire    . . .     SeeInvis .   s - +0 battleaxe
rCold    + . .     Gourm    .   (shield currently unavailable)
rNeg     . . .     Faith    .   n - +0 plate armour
rPois    .         Spirit   .   (helmet restricted)
rElec    .         Reflect  .   (no cloak)
rCorr    .         Harm     .   r - +0 pair of gloves
MR       .....                  (no boots)
Stlth    ..........             (no amulet)
HPRegen  0.22/turn              f - ring of flight
MPRegen  0.09/turn              d - ring of protection from cold

@: berserking, very quick
A: retaliatory headbutt, horns 2
a: Berserk, Trog's Hand, Renounce Religion, Evoke Flight


You were on level 4 of the Dungeon.
You worshipped Trog.
Trog was pleased with you.
You were near starving.

You visited 1 branch of the dungeon, and saw 4 of its levels.

You collected 144 gold pieces.

Inventory:

Hand Weapons
 s - a +0 battleaxe (weapon)
Armour
 n - a +0 plate armour (worn)
 r - a +0 pair of gloves (worn)
Jewellery
 d - a ring of protection from cold (right hand)
 f - a ring of flight (left hand)
 j - a cursed ring of attention {unknown}
Wands
 l - a wand of flame (36)
Scrolls
 e - 2 scrolls of amnesia {unknown}
 g - 5 scrolls of identify {unknown}
 k - a scroll of immolation {unknown}
 o - 2 scrolls of fog {unknown}
 p - a scroll of random uselessness {unknown}
 u - 3 scrolls of teleportation {unknown}
Potions
 a - a potion of ambrosia {unknown}
 b - a potion of might {unknown}
 h - a potion of brilliance {unknown}
 i - a potion of haste {unknown}
 m - a potion of berserk rage {unknown}
 q - a potion of mutation {unknown}
 t - 2 potions of agility {unknown}
 v - a potion of curing {unknown}
 w - 2 potions of magic {unknown}
Comestibles
 c - 10 rations


   Skills:
 - Level 3.6 Fighting
 + Level 8.6 Axes
 - Level 2.4 Armour
 - Level 2.1 Dodging


You had 5 spell levels left.
You didn't know any spells.
Your spell library was empty.

Dungeon Overview and Level Annotations

Branches:
Dungeon (4/15)             Temple (0/1) D:4

Altars:
Trog


Innate Abilities, Weirdness & Mutations

You reflexively headbutt those who attack you in melee.
You have a pair of horns on your head.


Message History

An ogre comes into view. It is wielding a giant club.
The ogre shouts!
Found a pair of gloves.
An ogre is nearby!
An ogre is nearby!
An ogre is nearby!
An ooze comes into view.
The ooze quivers.
The ogre hits you with a giant club!
You are too injured to fight recklessly!
You are too injured to fight recklessly!
You hit the ogre but do no damage. You headbutt the ogre!
The ogre is heavily wounded.
The ogre hits you with a giant club!
* * * LOW HITPOINT WARNING * * *
A red film seems to cover your vision as you go berserk!
You feel yourself moving faster!
You feel mighty!
You are near starving!
The ogre hits you with a giant club!
You die...

##...............#
#.......#####...#
##...........'...#
............##...##
....++......'.....#
....##......####..#
....##.........<..#
................#+#+#...
..............#.@.J.[...
..............#..O......
.......#......#.......##
.......#........#.......
.............####.......
.............. .......
.##.......#... #..##.. .
#.......#... ..# .. #
###......


You could see an ogre and an ooze.

Vanquished Creatures
  A phantom (D:4)
  A scorpion (D:4)
  An orc wizard (D:2)
  A worker ant (D:4)
  Robin (D:4)
  4 adders
  2 dart slugs
  5 leopard geckos
  8 orcs
  7 giant cockroaches
  18 goblins
  9 hobgoblins
  2 ball pythons (D:3)
  5 bats
  A frilled lizard (D:1)
  4 kobolds
  A quokka skeleton (D:4)
  5 rats
76 creatures vanquished.

Notes
Turn   | Place    | Note
-------+----------+-------------------------------------------
     0 | D:1      | Mirvelgyr the Minotaur Berserker began the quest for the Orb.
     0 | D:1      | Reached XP level 1. HP: 19/19 MP: 0/0
    50 | D:1      | Reached skill level 4 in Axes
   142 | D:1      | Reached XP level 2. HP: 20/26 MP: 1/1
   788 | D:2      | Reached skill level 5 in Axes
   788 | D:2      | Reached XP level 3. HP: 18/31 MP: 2/2
   792 | D:2      | Reached ** piety under Trog
   954 | D:2      | Reached XP level 4. HP: 33/39 MP: 3/3
   958 | D:2      | Reached skill level 6 in Axes
  1142 | D:2      | Found a bloodstained altar of Trog.
  2223 | D:4      | Reached skill level 7 in Axes
  2223 | D:4      | Reached XP level 5. HP: 31/45 MP: 4/4
  2225 | D:4      | Noticed Robin
  2235 | D:4      | Killed Robin
  2238 | D:4      | Reached *** piety under Trog
  2238 | D:4      | Reached skill level 8 in Axes
  2467 | D:4      | Found a staircase to the Ecumenical Temple.
  2559 | D:4      | Noticed a phantom
  2594 | D:4      | Killed a phantom
  2594 | D:4      | Reached XP level 6. HP: 34/51 MP: 5/5
  2616 | D:4      | Slain by an ogre

Vault maps used:
D:1:      dpeg_arrival_pond
D:2:      bloody_trog
D:3:      kennysheep_doodads
D:4:      minmay_temple_entry_junction_2, uniq_robin

Skill      XL: |  1  2  3  4  5 |
---------------+----------------+-----
Axes           | 4 5 7 8 |  8.6
Fighting       | |  3.6
Armour         | |  2.4
Dodging        | |  2.1

Action                   |  1- 3 |  4- 6 || total
-------------------------+-------+-------++-------
Melee: Hand axe          |    67 |    56 ||   123
       Headbutt          |     9 |    23 ||    32
       Battleaxe         |       |    67 ||    67
Invok: Trog's Hand       |       |     2 ||     2
       Berserk           |       |     2 ||     2
  Eat: Chunk             |       |     6 ||     6
Armor: Animal skin       |     3 |       ||     3
       Chain mail        |    13 |     1 ||    14
       Plate armour      |       |    97 ||    97
Dodge: Dodged            |    31 |    45 ||    76

Table legend:
 A = Spawn XP
 B = Non-spawn XP
 C = Spawn XP percentage of total XP
 D = Spawn monster count
 E = Non-spawn monster count
 F = Spawn count percentage of total count
 G = Total turns spent on level
                    A         B        C        D         E        F      G
               +---------+---------+-------+---------+---------+-------+---------
         Total |       0 |     478 |   0.0 |       0 |      76 |   0.0 |  2616
               +---------+---------+-------+---------+---------+-------+---------
           D:1 |       0 |      28 |   0.0 |       0 |      15 |   0.0 |   598
           D:2 |       0 |      98 |   0.0 |       0 |      26 |   0.0 |   938
           D:3 |       0 |      58 |   0.0 |       0 |      16 |   0.0 |   617
           D:4 |       0 |     294 |   0.0 |       0 |      19 |   0.0 |   463
               +---------+---------+-------+---------+---------+-------+---------
